 Dungeon Crawl Stone Soup version 0.26-a0-612-gd4d190f45e (webtiles) character file.

Game seed: 17849690654591441405

235 DogServant the Sneak (level 5, 0/24 HPs)
             Began as a Spriggan Enchanter on Sept 10, 2020.
             Slain by a centaur skeleton (1 damage)
             ... on level 4 of the Dungeon.
             The game lasted 00:21:21 (5238 turns).

DogServant the Sneak (Spriggan Enchanter)           Turns: 5238, Time: 00:21:22

Health: 0/24       AC:  3    Str:  4    XL:     5   Next: 76%
Magic:  3/12       EV: 19    Int: 18    God:
Gold:   230        SH:  0    Dex: 16    Spells: 7/13 levels left

rFire    . . .     SeeInvis +   a - +1 dagger
rCold    . . .     Faith    .   (shield restricted)
rNeg     . . .     Spirit   .   b - +0 robe
rPois    .         Reflect  .   (helmet restricted)
rElec    .         Harm     .   f - +0 cloak
rCorr    .                      (gloves unavailable)
MR       .....                  (boots unavailable)
Stlth    +++.......             (no amulet)
HPRegen  0.08/turn              (no ring)
MPRegen  0.13/turn              (no ring)

@: very quick
A: very small, unfitting armour, see invisible, speed 3
a: no special abilities


You were on level 4 of the Dungeon.
You visited 1 branch of the dungeon, and saw 4 of its levels.

You collected 230 gold pieces.

Inventory:

Hand Weapons
 a - a +1 dagger (weapon)
Missiles
 n - 56 stones
 p - 4 javelins (quivered)
Armour
 b - a +0 robe (worn)
 f - a +0 cloak (worn)
 u - a +0 ring mail
 x - a +0 pair of boots
Jewellery
 g - an uncursed ring of protection from magic {unknown}
 s - an uncursed ring of positive energy {unknown}
Wands
 t - a wand of iceblast (13)
Scrolls
 c - a scroll of magic mapping {unknown}
 d - 4 scrolls of identify {unknown}
 h - a scroll of teleportation {unknown}
 j - a scroll of fear {unknown}
 k - a scroll of random uselessness {unknown}
 r - a scroll of blinking {unknown}
 v - 2 scrolls of amnesia {unknown}
 w - a scroll of remove curse {unknown}
Potions
 e - a potion of mutation {unknown}
 i - 2 potions of haste {unknown}
 l - a potion of might {unknown}
 m - 2 potions of resistance {unknown}
 o - a potion of stabbing {unknown}
 q - a potion of lignification {unknown}


   Skills:
 * Level 0.2 Fighting
 * Level 1.4 Short Blades
 + Level 3.7 Dodging
 + Level 6.6 Stealth
 + Level 4.5 Spellcasting
 + Level 5.2 Hexes


You had 7 spell levels left.
You knew the following spells:

 Your Spells              Type           Power        Failure   Level
a - Corona                Hex            ###....      1%          1
b - Ensorcelled Hibernat  Hex/Ice        ##....       8%          2
c - Confusing Touch       Hex            ###.....     4%          3

Your spell library contained the following spells:

 Spells                   Type           Power        Failure   Level
 Slow                     Hex            ###.....     2%          2
 Tukima's Dance           Hex            ###.....     4%          3
 Magic Dart               Conj           #...         14%         1
 Dazzling Flash           Conj/Hex       ##....       14%         3
 Blink                    Tloc           N/A          22%         2
 Call Imp                 Summ           #.......     22%         2
 Conjure Flame            Conj/Fire      #.......     38%         3
 Mephitic Cloud           Conj/Pois/Air  #.......     38%         3


Dungeon Overview and Level Annotations

Branches:
Dungeon (4/15)
 Temple: D:4-7

Altars:


Innate Abilities, Weirdness & Mutations

You are very small and have problems with some larger weapons.
You are too small for most types of armour.
You have supernaturally acute eyesight. (SInv)
You cover ground extremely quickly.


Message History

Confirm with . or Enter, or press ? or * to list all spells.
The spell is quite dangerous to cast (4% risk of failure)!
Continue anyway?
Uppercase [Y]es or [N]o only, please.
The spell is quite dangerous to cast (4% risk of failure)!
Continue anyway?
Your hands begin to glow red.
The centaur skeleton hits you.
* * * LOW HITPOINT WARNING * * *
You hit the centaur skeleton but do no damage.
The centaur skeleton is heavily damaged.
The centaur skeleton hits you.
* * * LOW HITPOINT WARNING * * *
The centaur skeleton hits you but does no damage.
You hit the centaur skeleton but do no damage.
The centaur skeleton is heavily damaged.
The centaur skeleton hits you.
* * * LOW HITPOINT WARNING * * *
You hit the centaur skeleton but do no damage.
The centaur skeleton appears confused.
The centaur skeleton is heavily damaged.
The centaur skeleton hits you.
You die...

#.##.##.# #.##.##.#
#.......# ##+##
#.##.##.###...######
..##.##.##[....##..
.)...##.#.......#.# .
..###...........###...
....................... #
...###........(@.# ..#
.......#......Z#.###..#.#
########.....##...>....#
##...#######.#### ##'##
#.# #.# ##.##
##.†.#######


You could see a centaur skeleton (confused).

Vanquished Creatures
  2 orc wizards (D:2)
  Ijyb (D:3)
  A worker ant (D:4)
  3 adders (D:3)
  An ooze (D:4)
  5 worms
  4 leopard geckos
  12 orcs
  3 giant cockroaches
  5 goblins
  7 hobgoblins
  3 jackals (D:3)
  2 quokkas (D:3)
  2 ball pythons
  8 bats
  A frilled lizard (D:1)
  3 kobolds (D:2)
  6 rats
69 creatures vanquished.

Notes
Turn   | Place    | Note
-------+----------+-------------------------------------------
     0 | D:1      | DogServant the Spriggan Enchanter began the quest for the
                  | Orb.
     0 | D:1      | Reached XP level 1. HP: 9/9 MP: 5/5
   926 | D:1      | Reached XP level 2. HP: 11/13 MP: 7/7
  1064 | D:2      | Learned a level 2 spell: Ensorcelled Hibernation
  1286 | D:2      | Reached skill level 5 in Stealth
  1805 | D:2      | Reached XP level 3. HP: 12/16 MP: 2/8
  2279 | D:2      | Learned a level 3 spell: Confusing Touch
  2994 | D:2      | Reached XP level 4. HP: 21/21 MP: 7/10
  3601 | D:3      | Reached skill level 6 in Stealth
  4163 | D:3      | Reached XP level 5. HP: 21/24 MP: 2/12
  4598 | D:3      | Reached skill level 5 in Hexes
  4676 | D:3      | Noticed Ijyb
  4685 | D:3      | Killed Ijyb
  5237 | D:4      | HP: 1/24 [centaur skeleton (5)]
  5238 | D:4      | Slain by a centaur skeleton

Illustrated notes

Levels and vault maps discovered:
D:1:      lightli_arrival_boilingwater, layout_basic
D:2:      layout_rooms, minmay_box_of_dots
D:3:      layout_loops_cross, minmay_cupped, uniq_ijyb
D:4:      layout_loops_corners

Skill      XL: |  1  2  3  4  5 |
---------------+----------------+-----
Spellcasting   | 3 4 |  4.5
Hexes          | 4 5 |  5.2
Stealth        | 5 6 |  6.6
Fighting       | |  0.2
Short Blades   | |  1.4
Dodging        | |  3.7

Action                   |  1- 3 |  4- 6 || total
-------------------------+-------+-------++-------
Melee: Dagger            |   134 |   211 ||   345
Throw: Throwing net      |     1 |       ||     1
 Cast: Corona            |     9 |     4 ||    13
       Ensorcelled Hiber |    20 |    28 ||    48
       Confusing Touch   |     4 |    11 ||    15
  Use: Scroll            |     1 |       ||     1
 Stab: Sleeping          |    16 |    17 ||    33
       Confused          |     3 |     8 ||    11
       Held in net/web   |     1 |       ||     1
Armor: Robe              |    11 |    23 ||    34
Dodge: Dodged            |    78 |   169 ||   247

Table legend: (Time is in decaauts)
 A = Elapsed time spent in this place.
 B = Non-inter-level travel time spent in this place.
 C = Inter-level travel time spent in this place.
 D = Time resting spent in this place.
 E = Time spent auto-exploring this place.
 F = Levels seen in this place.
 G = Mean time per level.
                   A        B        C        D        E       F      G
               +--------+--------+--------+--------+--------+-----+--------+
         Total |   4193 |   4042 |    151 |   1467 |   1459 |   4 | 1048.2 |
       Dungeon |   4193 |   4042 |    151 |   1467 |   1459 |   4 | 1048.2 |
               +--------+--------+--------+--------+--------+-----+--------+

Top non-repeatable levels by time:
     D:2: 1733 daAuts
     D:1: 1265 daAuts
     D:3: 843 daAuts
     D:4: 352 daAuts
